 Dungeon Crawl Stone Soup version 0.24.0-13-gcf9b3192b9 (webtiles) character file.

Game seed: 2669376995545245191, levelgen mode: deterministic

3237 Delamore the Cleaver (level 9, -12/70 HPs)
             Began as a Hill Orc Monk on Nov 7, 2019.
             Was a Believer of Beogh.
             Mangled by Menkaure (15 damage)
             ... on level 7 of the Dungeon.
             The game lasted 00:19:01 (7414 turns).

Delamore the Cleaver (Hill Orc Monk)                Turns: 7414, Time: 00:19:01

Health: -12/70     AC: 20    Str: 26      XL:     9   Next: 98%
Magic:  20/20      EV:  7    Int: 13      God:    Beogh [**....]
Gold:   385        SH: 10    Dex: 11 (13) Spells: 8/8 levels left

rFire    . . .     SeeInvis .   j - +1 hand axe (flame)
rCold    . . .     Gourm    .   z - +0 shield
rNeg     . . .     Faith    .   D - +3 chain mail
rPois    .         Spirit   .   m - +0 helmet {Int+3}
rElec    .         Reflect  .   n - +2 cloak {+Inv}
rCorr    .         Harm     .   s - +2 pair of gloves
MR       .....                  (no boots)
Stlth    ..........             (no amulet)
HPRegen  0.21/turn              w - +4 ring of strength
MPRegen  0.17/turn              C - ring of magical power

@: mighty
A: sense surroundings 1, evolution 1
a: Smiting, Renounce Religion, Evoke Invisibility


You were on level 7 of the Dungeon.
You worshipped Beogh.
Beogh was pleased with you.
You were not hungry.

You visited 1 branch of the dungeon, and saw 7 of its levels.

You collected 385 gold pieces.

Inventory:

Hand Weapons
 a - a +0 hand axe
 j - a +1 hand axe of flaming (weapon)
 k - a +1 spear of flaming
Missiles
 d - a throwing net
 t - 3 poisoned darts (quivered)
Armour
 m - a +0 helmet of intelligence (worn)
 n - a +2 cloak of invisibility (worn)
 s - a +2 pair of gloves (worn)
 x - a +2 ring mail of cold resistance
 z - a +0 shield (worn)
 D - a +3 chain mail (worn)
Jewellery
 w - a +4 ring of strength (left hand)
 C - a ring of magical power (right hand)
Wands
 B - a wand of iceblast (11)
Scrolls
 b - 2 scrolls of fear {unknown}
 e - 4 scrolls of teleportation
 f - a scroll of enchant armour {unknown}
 g - a scroll of blinking
 h - 3 scrolls of remove curse
 l - 2 scrolls of amnesia {unknown}
 p - 2 scrolls of magic mapping
 r - a scroll of enchant weapon {unknown}
 v - 3 scrolls of identify
 y - a scroll of noise {unknown}
 A - a scroll of fog {unknown}
Potions
 i - 2 potions of might
 o - 2 potions of lignification
 q - a potion of cancellation
 u - 2 potions of haste
Comestibles
 c - 10 rations


   Skills:
 - Level 3.6 Fighting
 + Level 14.3 Axes
 - Level 0.8 Throwing
 * Level 5.4 Armour
 - Level 2.4 Dodging
 - Level 1.5 Stealth
 * Level 4.7 Shields
 + Level 0.5 Invocations
 * Level 3.4 Evocations


You had 8 spell levels left.
You didn't know any spells.
Your spell library was empty.

Dungeon Overview and Level Annotations

Branches:
Dungeon (7/15)             Temple (0/1) D:7

Altars:
Cheibriados
Dithmenos
Elyvilon
Kikubaaqudgha
Okawaru
Ru
Sif Muna
Uskayaw
Wu Jian
Yredelemnul
Zin

Portals:
Bailey: D:7

Annotations:
D:7 Menkaure


Innate Abilities, Weirdness & Mutations

You passively map a small area around you.
You evolve.


Message History

Items here: ))) [ a +0 short sword; a +0 dagger; a +0 robe; a +0 club It was a potion of magic.
Magic courses through your body.
Menkaure gestures at you while chanting.
You struggle to resist.
The orc priest calls down the wrath of Beogh upon you.
Pain shoots through your body!
* * * LOW HITPOINT WARNING * * *
You slash Menkaure! You burn Menkaure.
Menkaure is heavily damaged.
You barely miss the orc priest. Menkaure hits you but does no damage.
You block the orc priest's attack.
You barely miss Menkaure.
Menkaure is heavily damaged.
You closely miss the orc priest. Menkaure hits you but does no damage.
The orc priest hits you but does no damage.
Your shield and chain mail prevent you from hitting Menkaure.
Menkaure is heavily damaged.
You slash the orc priest! You burn the orc priest. Menkaure hits you!
You die...

*....)∩)...,,***,,,,
**,.#..)...##,**,,,,,
*,,.........<,,,,,,,,
*,,,.........*,*,,,,,
**,,......$..,**,,,,,
*###.......#****,,,,
#..........,,,*,,,, ***
##Mo....%..,,,*,,,, ****,**
#.@########****,,,,
**,,,,,##*##*#).#_###_###8##*,,,
*,,,,,,..##.##..8.#.#.#.#.⌠#,,,,
*,,,,**...$..........)....⌠#,,,,
*,,,,**#........((.(.†...._#,,,,
*,,,,**#........8(#.#.#.#..#,,,,
****,*,.........###.###_#8*#,,,,
*,,,..<......#*######****,,,,
**,,.........##......,*,,,,,,


You could see Menkaure and an orc priest.

Vanquished Creatures
  An ugly thing (D:6)
  The ghost of DarthUnicorn the Skirmisher, an amateur OgSk (D:4)
  A hungry ghost (D:4)
  A water moccasin (D:6)
  A sky beast (D:5)
  An ice beast (D:5)
  An orc warrior (D:7)
  3 phantoms
  3 ogres
  2 centaurs
  2 bullfrogs
  3 scorpions
  6 killer bees (D:7)
  A howler monkey (D:5)
  2 bullfrog zombies
  3 quasits
  A jelly (D:6)
  2 orc priests (D:7)
  3 orc wizards
  A hound (D:7)
  Ijyb (D:5)
  3 iguanas
  8 worker ants
  A hound zombie (D:5)
  2 hound skeletons
  A worker ant zombie (D:7)
  Robin (D:2)
  4 adders
  3 gnolls (D:6)
  3 shadow imps
  2 oozes
  2 adder skeletons (D:6)
  6 worms
  3 dart slugs
  7 leopard geckos
  11 orcs
  6 bats
  7 giant cockroaches
  17 goblins
  8 hobgoblins
  8 jackals
  9 kobolds
  3 quokkas
  A ball python (D:3)
  3 frilled lizards
  2 leopard gecko skeletons (D:4)
  10 rats
171 creatures vanquished.

Notes
Turn   | Place    | Note
-------+----------+-------------------------------------------
     0 | D:1      | Delamore the Hill Orc Monk began the quest for the Orb.
     0 | D:1      | Reached XP level 1. HP: 19/19 MP: 1/1
   168 | D:1      | Reached XP level 2. HP: 7/26 MP: 2/2
   478 | D:1      | Reached skill level 5 in Axes
   534 | D:1      | Reached XP level 3. HP: 19/31 MP: 3/3
  1188 | D:2      | Reached skill level 6 in Axes
  1368 | D:2      | Noticed Robin
  1446 | D:2      | Killed Robin
  1446 | D:2      | Reached XP level 4. HP: 25/39 MP: 4/4
  1842 | D:2      | Reached skill level 7 in Axes
  2129 | D:2      | Found a hide-covered altar of Uskayaw.
  2133 | D:2      | Found a shadowy altar of Dithmenos.
  2163 | D:2      | Found a snail-covered altar of Cheibriados.
  2165 | D:2      | Found an iron altar of Okawaru.
  2245 | D:3      | Reached XP level 5. HP: 45/45 MP: 5/5
  2267 | D:3      | Found a glowing silver altar of Zin.
  2957 | D:3      | Reached skill level 8 in Axes
  3098 | D:4      | Reached XP level 6. HP: 29/51 MP: 6/6
  3219 | D:4      | Reached skill level 9 in Axes
  3239 | D:3      | Reached skill level 1 in Armour
  3737 | D:4      | Found a transporter.
  3753 | D:4      | Found a transporter.
  3754 | D:4      | Noticed DarthUnicorn's ghost (amateur OgSk)
  3870 | D:4      | Found an iron altar of Okawaru.
  4259 | D:4      | Reached XP level 7. HP: 54/57 MP: 5/7
  4264 | D:4      | Reached skill level 10 in Axes
  4299 | D:4      | Killed DarthUnicorn's ghost
  4414 | D:5      | Entered Level 5 of the Dungeon
  4469 | D:5      | Reached skill level 11 in Axes
  4898 | D:5      | Reached skill level 1 in Evocations
  4903 | D:5      | Reached XP level 8. HP: 48/64 MP: 8/8
  5100 | D:4      | Reached skill level 12 in Axes
  5553 | D:5      | Found a sacrificial altar of Ru.
  5600 | D:5      | Noticed Ijyb
  5614 | D:5      | Killed Ijyb
  5697 | D:6      | Reached skill level 13 in Axes
  5807 | D:6      | Reached skill level 1 in Shields
  5809 | D:6      | Became a worshipper of Beogh the Brigand
  5809 | D:6      | Reached * piety under Beogh
  5809 | D:6      | Reached ** piety under Beogh
  5873 | D:6      | Found a shimmering blue altar of Sif Muna.
  5883 | D:6      | Noticed a purple ugly thing
  5908 | D:6      | Killed a purple ugly thing
  5908 | D:6      | Reached XP level 9. HP: 50/70 MP: 10/10
  6143 | D:5      | Gained mutation: You evolve. [potion of mutation]
  6143 | D:5      | Gained mutation: You passively map a small area around you.
                  | [potion of mutation]
  7100 | D:7      | Reached skill level 14 in Axes
  7100 | D:7      | Reached skill level 5 in Armour
  7277 | D:7      | Found an ancient bone altar of Kikubaaqudgha.
  7352 | D:7      | Found a basalt altar of Yredelemnul.
  7360 | D:7      | Found a white marble altar of Elyvilon.
  7360 | D:7      | Found an ornate altar of the Wu Jian Council.
  7378 | D:7      | Found a flagged portal.
  7394 | D:7      | Noticed Menkaure
  7411 | D:7      | HP: 2/70 [orc priest/nerve-wracking pain (7)]
  7414 | D:7      | Mangled by Menkaure

Levels and vault maps discovered:
D:1:      ncdulo_lavacross, layout_loops_ring
D:2:      minmay_wonky_spiral, layout_rooms, nicolae_overflow_hidden_temple,
          uniq_robin
D:3:      layout_rooms, nicolae_overflow_crystal_walls
D:4:      layout_basic, gammafunk_ghost_mausoleum, okawaru_ov_weapons_minmay
D:5:      cheibrodos_fzero, layout_rooms, lemuel_coloured_pillars_altar,
          first_ration, hangedman_decor_growths, uniq_ijyb
D:6:      layout_cave_pods, lemuel_doored_altar
D:7:      layout_cave_pools, minitemple, minmay_temple_entry_large_hall,
          enter_bailey_2, the_bakery, tgw_kikubaaqudgha, uniq_menkaure

Skill      XL: |  1  2  3  4  5  6  7  8  9 |
---------------+----------------------------+-----
Axes           | 5 6 7 8 9 11 13 14 | 14.3
Armour         | 1 3 5 |  5.4
Evocations     | 1 2 3 |  3.4
Shields        | 2 4 |  4.7
Fighting       | |  3.6
Throwing       | |  0.8
Dodging        | |  2.4
Stealth        | |  1.5
Invocations    | |  0.5

Action                   |  1- 3 |  4- 6 |  7- 9 || total
-------------------------+-------+-------+-------++-------
Melee: Hand axe          |   115 |   237 |   479 ||   831
Throw: Dart              |       |       |    10 ||    10
Invok: Convert to Beogh  |       |       |     1 ||     1
       Smiting           |       |       |     2 ||     2
 Abil: Evoke Invisibilit |       |     1 |       ||     1
  Use: Scroll            |       |     9 |     2 ||    11
       Potion            |       |     2 |     5 ||     7
 Stab: Sleeping          |     2 |     4 |       ||     6
       Invisible         |       |     1 |       ||     1
  Eat: Chunk             |     2 |     7 |     6 ||    15
       Ration            |       |     1 |     4 ||     5
Armor: Robe              |    30 |    27 |       ||    57
       Ring mail         |       |    25 |     3 ||    28
       Chain mail        |       |    27 |   149 ||   176
       Plate armour      |       |     7 |   112 ||   119
       Skin              |       |     3 |       ||     3
Dodge: Dodged            |    88 |   135 |    80 ||   303
Block: Shield            |       |       |   117 ||   117
